 Dungeon Crawl Stone Soup version 0.30.0-29-ga12c61a403 (webtiles) character file.

Game seed: 11049945838245408894

1082 MacCMillion the Chiller (level 8, -1/58 HPs)
             Began as a Gnoll Ice Elementalist on June 15, 2023.
             Slain by Edmund
             ... wielding a +5 flail of holy wrath
              (16 damage)
             ... on level 6 of the Dungeon.
             The game lasted 00:11:02 (6471 turns).

MacCMillion the Chiller (Gnoll Ice Elementalist)    Turns: 6471, Time: 00:11:03

Health: -1/58      AC: 14    Str:  8    XL:     8   Next: 30%
Magic:  11/17      EV: 14    Int: 16    God:
Gold:   330        SH:  0    Dex: 13    Spells: 12/19 levels left

rFire   . . .        l - +4 dagger
rCold   . . .        (no shield)
rNeg    . . .        w - +1 animal skin
rPois   .            v - +0 helmet
rElec   .            s - +0 cloak
rCorr   .            t - +0 pair of gloves
SInv    .            (no boots)
Will    .....        f - amulet of regeneration
Stlth   +++          (no ring)
HPRegen 1.09/turn    (no ring)
MPRegen 0.15/turn

%: no passive effects
@: ice-armoured, freezing walls
A: fangs 1, strong nose, distributed training
a: no special abilities


You were on level 6 of the Dungeon.
You visited 2 branches of the dungeon, and saw 7 of its levels.

You collected 330 gold pieces.

Inventory:

Hand Weapons
 c - a +1 vampiric dagger
 k - a +1 whip of venom
 l - a +4 dagger (weapon)
 D - a +2 long sword of freezing
 F - a +2 flail of holy wrath
Armour
 s - a +0 cloak (worn)
 t - a +0 pair of gloves (worn)
 v - a +0 helmet (worn)
 w - a +1 animal skin (worn)
Jewellery
 f - an amulet of regeneration (around neck)
 p - a ring of fire
 E - a ring of poison resistance
Wands
 n - a wand of flame (40)
 G - a wand of mindburst (10)
Scrolls
 e - 4 scrolls of identify {unknown}
 i - a scroll of acquirement {unknown}
 j - 4 scrolls of teleportation {unknown}
 r - a scroll of brand weapon {unknown}
 u - a scroll of fog {unknown}
 x - a scroll of silence {unknown}
 y - a scroll of poison {unknown}
 z - a scroll of fear {unknown}
 C - a scroll of torment {unknown}
 H - a scroll of blinking {unknown}
Potions
 a - a potion of invisibility {unknown}
 b - a potion of magic
 d - a potion of heal wounds {unknown}
 g - 4 potions of brilliance {unknown}
 h - 2 potions of flight {unknown}
 m - 3 potions of curing {unknown}
 o - a potion of ambrosia {unknown}
 q - 2 potions of might {unknown}
 A - a potion of haste {unknown}
 B - a potion of mutation {unknown}


   Skills:
 + Level 3.2 Fighting
 + Level 3.2 Short Blades
 + Level 3.2 Long Blades
 + Level 3.2 Axes
 + Level 3.2 Maces & Flails
 + Level 3.2 Polearms
 + Level 3.2 Staves
 + Level 3.2 Ranged Weapons
 + Level 3.2 Throwing
 + Level 3.2 Armour
 + Level 5.7 Dodging
 + Level 5.3 Stealth
 + Level 3.2 Shields
 + Level 3.2 Unarmed Combat
 + Level 6.0 Spellcasting
 + Level 2.6 Conjurations
 + Level 2.6 Hexes
 + Level 2.6 Summonings
 + Level 2.6 Necromancy
 + Level 2.6 Translocations
 + Level 2.6 Transmutations
 + Level 2.6 Fire Magic
 + Level 7.6 Ice Magic
 + Level 2.6 Air Magic
 + Level 2.6 Earth Magic
 + Level 2.6 Poison Magic
 + Level 3.6 Invocations
 + Level 3.2 Evocations


You had 12 spell levels left.
You knew the following spells:

 Your Spells              Type           Power      Damage    Failure   Level
a - Freeze                Ice            100%       1d10      1%          1
b - Frozen Ramparts       Ice            58%        1d9       1%          3
c - Ozocubu's Armour      Ice            29%        N/A       1%          3

Your spell library contained the following spells:

 Spells                   Type           Power      Damage    Failure   Level
 Shock                    Conj/Air       52%        1d6       4%          1
 Hailstorm                Conj/Ice       21%        3d6       4%          3
 Call Canine Familiar     Summ           13%        N/A       14%         3
 Mephitic Cloud           Conj/Pois/Air  13%        N/A       14%         3
 Portal Projectile        Hex/Tloc       26%        N/A       14%         3
 Swiftness                Air            13%        N/A       14%         3
 Tukima's Dance           Hex            13%        N/A       14%         3
 Summon Ice Beast         Ice/Summ       21%        N/A       16%         4
 Airstrike                Air            6%         2d(1-17)  41%         4
 Fulminant Prism          Conj/Hex       6%         3d7       41%         4
 Leda's Liquefaction      Hex/Erth       6%         N/A       41%         4
 Passage of Golubria      Tloc           13%        N/A       41%         4
 Blade Hands              Tmut           6%         N/A       77%         5
 Yara's Violent Unravell  Hex/Tmut       6%         3d5       77%         5
 Malign Gateway           Summ/Tloc      6%         N/A       100%        7
 Lehudib's Crystal Spear  Conj/Erth      6%         10d3      100%        8
 Summon Horrible Things   Summ           6%         N/A       100%        8


Dungeon Overview and Level Annotations

Branches:
Dungeon (6/15)             Temple (1/1) D:4

Altars:
Ashenzari
Elyvilon
Fedhas
Gozag
Hepliaklqana
Nemelex Xobeh
Okawaru
Ru
Sif Muna
Uskayaw
Vehumet
Wu Jian
Xom
Yredelemnul
Zin
The Shining One

Shops:
D:6 :

Annotations:
D:3 Sigmund
D:6 Edmund


Innate Abilities, Weirdness & Mutations

You have very sharp teeth.
Your uncanny sense of smell can sniff out nearby items.
Your experience applies equally to all skills.


Message History

Found a lumpy pink potion.
The helpless ice beast fails to defend itself.
You impale the ice beast!!
You kill the ice beast!
A water moccasin comes into view.
Found a stone staircase leading down.
The helpless Edmund fails to defend himself.
You impale Edmund!!
Edmund is heavily wounded.
Edmund closely misses you. Edmund attacks as you move away!
Edmund hits you with a +5 flail of holy wrath.
Edmund drinks a potion.
Edmund goes berserk!
Edmund misses you.
Casting: Frozen Ramparts (safe; 1% risk of failure)
Confirm with . or Enter, or press ? or * to list all spells.
Casting: Frozen Ramparts (safe; 1% risk of failure)
Press: ? - help, Dir - look around, f - activate The walls around you are covered in ice.
The wall freezes Edmund.
Edmund hits you with a +5 flail of holy wrath!
The wall freezes Edmund.
Edmund misses you.
Casting: Frozen Ramparts (safe; 1% risk of failure)
Confirm with . or Enter, or press ? or * to list all spells.
A film of ice covers your body!
The wall freezes Edmund.
Edmund hits you with a +5 flail of holy wrath!
You hit Edmund but do no damage.
Edmund is severely wounded.
The wall freezes Edmund.
Edmund hits you with a +5 flail of holy wrath!
* * * LOW HITPOINT WARNING * * *
You closely miss Edmund.
Edmund is severely wounded.
The wall freezes Edmund but does no damage.
Edmund closely misses you.
You hit Edmund but do no damage.
Edmund is severely wounded.
The wall freezes Edmund.
Edmund misses you.
The wall freezes Edmund.
Edmund hits you with a +5 flail of holy wrath!
You die...

# . # .#.# ##### ###.#.# ..
....# #.....##.#
....##############.#......#.
................@@...?.....>
.......###########..........
###....# #.S........ #....#
#.......... #....#
#.......... #....#
#.......... #....#
#.......... #....#
#.......... #..........


You could see Edmund (berserk) and a water moccasin.

Vanquished Creatures
  An orc warrior (D:6)
  An ice beast (D:6)
  An ogre (D:6)
  A scorpion (D:5)
  3 orc priests (D:5)
  3 hounds
  A jelly (D:5)
  A sleepcap (D:6)
  Terence (D:2)
  3 iguanas (D:5)
  6 orc wizards
  Robin (D:3)
  3 gnolls (D:4)
  9 adders
  2 ufetubi (D:4)
  2 worms
  A dart slug (D:5)
  25 orcs
  7 bats
  12 endoplasms
  A giant cockroach (D:2)
  15 goblins
  15 hobgoblins
  4 jackals (D:3)
  5 kobolds
  3 quokkas
  6 ball pythons
  3 frilled lizards
  3 rats
139 creatures vanquished.

Notes
Turn   | Place    | Note
-------+----------+-------------------------------------------
     0 | D:1      | MacCMillion the Gnoll Ice Elementalist began the quest for
                  | the Orb.
     0 | D:1      | Reached XP level 1. HP: 13/13 MP: 6/6
   166 | D:1      | Reached XP level 2. HP: 19/19 MP: 7/7
   929 | D:2      | Reached skill level 5 in Spellcasting
   929 | D:2      | Reached XP level 3. HP: 25/25 MP: 7/9
  1267 | D:2      | Reached skill level 1 in Invocations
  1416 | D:2      | Reached skill level 1 in Fighting
  1416 | D:2      | Reached skill level 1 in Short Blades
  1416 | D:2      | Reached skill level 1 in Long Blades
  1416 | D:2      | Reached skill level 1 in Axes
  1416 | D:2      | Reached skill level 1 in Maces & Flails
  1416 | D:2      | Reached skill level 1 in Polearms
  1416 | D:2      | Reached skill level 1 in Staves
  1416 | D:2      | Reached skill level 1 in Ranged Weapons
  1416 | D:2      | Reached skill level 1 in Throwing
  1416 | D:2      | Reached skill level 1 in Armour
  1416 | D:2      | Reached skill level 1 in Shields
  1416 | D:2      | Reached skill level 1 in Unarmed Combat
  1416 | D:2      | Reached skill level 1 in Evocations
  1486 | D:2      | Learned a level 3 spell: Frozen Ramparts
  1490 | D:2      | Learned a level 3 spell: Ozocubu's Armour
  1563 | D:2      | Found a faded altar of an unknown god.
  1563 | D:2      | Noticed Terence
  1584 | D:2      | Killed Terence
  1585 | D:2      | Reached skill level 1 in Conjurations
  1585 | D:2      | Reached skill level 1 in Hexes
  1585 | D:2      | Reached skill level 1 in Summonings
  1585 | D:2      | Reached skill level 1 in Necromancy
  1585 | D:2      | Reached skill level 1 in Translocations
  1585 | D:2      | Reached skill level 1 in Transmutations
  1585 | D:2      | Reached skill level 1 in Fire Magic
  1585 | D:2      | Reached skill level 1 in Air Magic
  1585 | D:2      | Reached skill level 1 in Earth Magic
  1585 | D:2      | Reached skill level 1 in Poison Magic
  1585 | D:2      | Reached XP level 4. HP: 32/32 MP: 3/11
  1830 | D:3      | Noticed Robin
  1865 | D:3      | Killed Robin
  1868 | D:3      | Reached XP level 5. HP: 36/37 MP: 3/12
  2138 | D:3      | Found a faded altar of an unknown god.
  2141 | D:3      | Found a basalt altar of Yredelemnul.
  2600 | D:3      | Noticed Sigmund
  2984 | D:4      | Found a staircase to the Ecumenical Temple.
  3162 | Temple   | Entered the Ecumenical Temple
  3326 | D:4      | Found a hide-covered altar of Uskayaw.
  3663 | D:4      | Found a white marble altar of Elyvilon.
  4035 | D:4      | Reached XP level 6. HP: 42/44 MP: 11/14
  4263 | D:4      | Got the Vellum of the First Hells
  4616 | D:5      | Entered Level 5 of the Dungeon
  4621 | D:5      | Reached skill level 5 in Dodging
  4799 | D:5      | Reached XP level 7. HP: 50/51 MP: 8/15
  4996 | D:5      | Found a sacrificial altar of Ru.
  5142 | D:5      | Reached skill level 5 in Stealth
  5955 | D:6      | Found Lerurot's Tremendous Tomes.
  6116 | D:6      | Reached XP level 8. HP: 58/58 MP: 9/16
  6455 | D:6      | Noticed Edmund
  6471 | D:6      | Slain by Edmund

Illustrated notes

Levels and vault maps discovered:
D:1:      matt_arrival_grand_opening, layout_loops_ring
D:2:      layout_basic, hellmonk_ecumenical_altar_slurped_away,
          minmay_quadrilaterals, uniq_terence
D:3:      layout_basic, nicolae_overflow_ecumenical_swirl, grunt_ministairs_2,
          uniq_robin, uniq_sigmund
D:4:      layout_layer_cave, mainiacjoe_overflow_six_doors_small,
          elyvilon_altar_3, minmay_temple_entry_waves, kennysheep_generic_room_2
D:5:      layout_rooms, nicolae_ru_great_annihilating_truth, grunt_ministairs_6,
          grunt_tough_drop
D:6:      layout_basic, nicolae_shop_i_like_big_books, uniq_edmund
Temple:   nicolae_temple_bog_church

Skill      XL: |  1  2  3  4  5  6  7  8 |
---------------+-------------------------+-----
Spellcasting   | 5 6 |  6.0
Invocations    | 1 2 3 |  3.6
Fighting       | 1 2 3 |  3.2
Short Blades   | 1 2 3 |  3.2
Long Blades    | 1 2 3 |  3.2
Axes           | 1 2 3 |  3.2
Maces & Flails | 1 2 3 |  3.2
Polearms       | 1 2 3 |  3.2
Staves         | 1 2 3 |  3.2
Ranged Weapons | 1 2 3 |  3.2
Throwing       | 1 2 3 |  3.2
Armour         | 1 2 3 |  3.2
Shields        | 1 2 3 |  3.2
Unarmed Combat | 1 2 3 |  3.2
Evocations     | 1 2 3 |  3.2
Conjurations   | 1 2 |  2.6
Hexes          | 1 2 |  2.6
Summonings     | 1 2 |  2.6
Necromancy     | 1 2 |  2.6
Translocations | 1 2 |  2.6
Transmutations | 1 2 |  2.6
Fire Magic     | 1 2 |  2.6
Air Magic      | 1 2 |  2.6
Earth Magic    | 1 2 |  2.6
Poison Magic   | 1 2 |  2.6
Dodging        | 5 |  5.7
Stealth        | 5 |  5.3
Ice Magic      | |  7.6

Action                     |  1- 3 |  4- 6 |  7- 9 || total
---------------------------+-------+-------+-------++-------
  Melee: Unarmed           |     2 |       |       ||     2
         Dagger            |    25 |    77 |    69 ||   171
         Bite              |     2 |     6 |     9 ||    17
         Punch             |       |       |     1 ||     1
   Cast: Freeze            |    41 |     9 |     4 ||    54
         Frozen Ramparts   |     1 |    20 |    22 ||    43
         Ozocubu's Armour  |     1 |     5 |     9 ||    15
   Stab: Sleeping          |     7 |     8 |     4 ||    19
         Distracted        |       |     1 |       ||     1
 Armour: Robe              |     8 |     2 |       ||    10
         Animal skin       |       |    27 |    13 ||    40
  Dodge: Dodged            |    39 |    47 |    50 ||   136
